 Dungeon Crawl Stone Soup version 0.31-a0-810-ga77100ea1a (webtiles) character file.

Game seed: 13063461673807665977

338 Hubris850 the Ruffian (level 6, -8/47 HPs)
             Began as a Draconian Shapeshifter on Sept 21, 2023.
             Mangled by a gnoll sergeant
             ... wielding a +0 spear
              (11 damage)
             ... on level 4 of the Dungeon.
             The game lasted 00:07:57 (2795 turns).

Hubris850 the Ruffian (Draconian Shapeshifter)      Turns: 2795, Time: 00:07:58

Health: -8/47      AC:  6    Str: 16    XL:     6   Next: 29%
Magic:  6/6        EV: 12    Int: 12    God:
Gold:   155        SH:  0    Dex: 11    Spells: 5/5 levels left

rFire   . .          .
                       - Unarmed
rCold   + . .        (no shield)
rNeg    . . .        (body armour unavailable)
rPois   .            (helmet currently unavailable)
rElec   .            (cloak currently unavailable)
rCorr   .            (gloves currently unavailable)
SInv    .            (boots currently unavailable)
Will    .....        (no amulet)
Stlth   +            o - ring of protection from cold
HPRegen 0.27/turn    (no ring)
MPRegen 0.10/turn

%: no passive effects
@: beast-form
A: beast (slay +2), AC +6, unfitting armour, cold-blooded
a: Begin Untransformation


You were on level 4 of the Dungeon.
You were a hulking beast.
You visited 1 branch of the dungeon, and saw 4 of its levels.

You collected 155 gold pieces.

Inventory:

Hand Weapons
 h - a +0 dagger
 j - a +2 vampiric dagger
 m - a +3 dagger
Missiles
 d - 3 boomerangs
 f - 7 poisoned darts
 g - 9 javelins (quivered)
Jewellery
 e - a ring of ice
 o - a ring of protection from cold (left hand)
Talismans
 b - a beast talisman (active)
 c - a flux talisman
Wands
 n - a wand of charming (9)
 q - a wand of flame (12)
Scrolls
 r - a scroll of teleportation
Potions
 a - a potion of lignification
 i - 2 potions of curing
 k - 3 potions of heal wounds
 l - a potion of haste {unknown}
 p - a potion of degeneration {unknown}


   Skills:
 - Level 1.1 Fighting
 + Level 0.6 Throwing
 - Level 3.5 Dodging
 + Level 4.8 Unarmed Combat
 + Level 4.5 Shapeshifting


You had 5 spell levels left.
You didn't know any spells.
Your spell library contained the following spells:

 Spells                   Type           Power      Damage    Failure   Level
 Sublimation of Blood     Necr           0%         N/A       45%         2
 Wereblood                Tmut           0%         N/A       45%         2
 Irradiate                Conj/Tmut      0%         3d11      100%        5
 Summon Hydra             Summ           0%         N/A       100%        7


Dungeon Overview and Level Annotations

Branches:
Dungeon (4/15)
 Temple: D:4-7

Altars:
Elyvilon
Fedhas
Kikubaaqudgha
Ru
Wu Jian
Xom
Zin

Shops:
D:1 [?=?*

Annotations:
D:2 1 runed translucent door, Crazy Yiuf
D:4 3 runed translucent doors, SirDiesAlot's ghost, amateur OpSh


Innate Abilities, Weirdness & Mutations

You are a hulking beast.
Your limbs bulge with bestial killing power. (Slay +2)
Your plain brown scales are hard. (AC +6)
You cannot fit into any form of body armour.
You are cold-blooded and may be slowed by cold attacks.


Message History

The gnoll sergeant is moderately wounded.
Aiming: Throw Flame
Press: ? - help, Shift-Dir - straight line, f/p - gnoll sergeant
Aim: a gnoll sergeant, wielding a +0 spear, wearing a +0 ring mail and wearing a +0 kite shield (moderately wounded, 81% to hit)
The puff of flame hits the gnoll sergeant.
The gnoll sergeant is moderately wounded.
The gnoll sergeant barely misses you.
The gnoll sergeant hits you but does no damage.
You hit the gnoll sergeant but do no damage.
The gnoll sergeant is moderately wounded.
The gnoll sergeant misses you.
You hit the gnoll sergeant. You tail-slap the gnoll sergeant.
The gnoll sergeant is moderately wounded.
The gnoll sergeant hits you with a +0 spear.
You punch the gnoll sergeant!
You tail-slap the gnoll sergeant, but do no damage.
You punch the gnoll sergeant.
The gnoll sergeant is severely wounded.
The gnoll sergeant blocks your attack.
The gnoll sergeant is severely wounded.
The gnoll sergeant barely misses you. The gnoll sergeant blocks your attack.
The gnoll sergeant is severely wounded.
The gnoll sergeant hits you but does no damage.
You hit the gnoll sergeant.
The gnoll sergeant is severely wounded.
The gnoll sergeant barely misses you. The gnoll sergeant blocks your attack.
You tail-slap the gnoll sergeant, but do no damage.
The gnoll sergeant is severely wounded.
The gnoll sergeant hits you with a +0 spear!
* * * LOW HITPOINT WARNING * * *
You hit the gnoll sergeant.
The gnoll sergeant is almost dead.
The gnoll sergeant hits you with a +0 spear.
* * * LOW HITPOINT WARNING * * *
You hit the gnoll sergeant but do no damage.
The gnoll sergeant is almost dead.
The gnoll sergeant hits you with a +0 spear!
You die...

######### #...hg..#####
######### #.#≈≈≈≈.≈≈≈≈#
#.8..8.8#####.#≈##≈)≈##≈#
#8_..._.#......≈###)## ≈#
#.......#####..≈≈#...# ≈#
#8.........8#..≈≈#...# ≈#
#._..._........≈≈#.[.# ≈#
#8.........8#..≈###### ≈#
#.......#####..≈##≈≈≈##≈#


You could see a gnoll sergeant.

Vanquished Creatures
  A scorpion (D:4)
  A howler monkey (D:3)
  A jelly (D:4)
  2 hounds
  2 gnolls (D:4)
  3 adders
  An ufetubus (D:4)
  2 worms
  10 orcs
  7 bats
  9 endoplasms
  2 giant cockroaches (D:1)
  9 goblins
  11 hobgoblins
  2 jackals (D:1)
  A kobold (D:2)
  2 quokkas (D:1)
  9 ball pythons
  A frilled lizard (D:1)
  3 rats
79 creatures vanquished.

Vanquished Creatures (others)
  A gnoll (D:4)
1 creature vanquished.

Grand Total: 80 creatures vanquished

Notes
Turn   | Place    | Note
-------+----------+-------------------------------------------
     0 | D:1      | Hubris850 the Draconian Shapeshifter began the quest for
                  | the Orb.
     0 | D:1      | Reached XP level 1. HP: 16/16 MP: 1/1
    58 | D:1      | Found Boffiecear's Jewellery Emporium.
    92 | D:1      | Reached XP level 2. HP: 23/23 MP: 2/2
   122 | D:1      | Found Neqido's Antique Armour Boutique.
   147 | D:1      | Found Noapih's Magic Scroll Shoppe.
   181 | D:1      | Found Onanofis's Magic Scroll Shoppe.
   548 | D:1      | Found Ymyanop's General Store.
   672 | D:2      | Reached XP level 3. HP: 27/28 MP: 3/3
   862 | D:2      | Reached XP level 4. HP: 21/35 MP: 4/4
  1567 | D:2      | Found a runed translucent door.
  1568 | D:2      | Noticed Crazy Yiuf
  2050 | D:3      | Found a faded altar of an unknown god.
  2221 | D:3      | Reached XP level 5. HP: 23/40 MP: 5/5
  2339 | D:4      | Found a runed translucent gate.
  2341 | D:4      | Found a runed translucent gate.
  2342 | D:4      | Found a runed translucent gate.
  2344 | D:4      | Noticed SirDiesAlot's ghost (amateur OpSh)
  2389 | D:4      | Found an ornate altar of the Wu Jian Council.
  2479 | D:4      | Reached XP level 6. HP: 42/47 MP: 6/6
  2585 | D:4      | Found a sacrificial altar of Ru.
  2737 | D:4      | Found an ancient bone altar of Kikubaaqudgha.
  2740 | D:4      | Found a shimmering altar of Xom.
  2740 | D:4      | Found a glowing silver altar of Zin.
  2742 | D:4      | Found a white marble altar of Elyvilon.
  2742 | D:4      | Found a shimmering altar of Xom.
  2742 | D:4      | Found a blossoming altar of Fedhas.
  2795 | D:4      | Mangled by a gnoll sergeant

Illustrated notes

Levels and vault maps discovered:
D:1:      ebering_hopf_link, layout_loops_ring, serial_shops,
          nicolae_shop_just_a_little_nook, shop,
          nicolae_shop_competitors_out_of_business, nicolae_shop_hallway_plus,
          shop
D:2:      layout_loops_ring, grunt_ministairs_15, uniq_crazy_yiuf_cottage
D:3:      layout_basic, hellmonk_ecumenical_altar_arch_garden,
          grunt_ministairs_15
D:4:      layout_rooms, nicolae_overflow_crystal_walls, doesnt_xom_only_xom,
          lemuel_tele_altar, gammafunk_ghost_necromancy, lightli_minifort

Skill      XL: |  1  2  3  4  5 |
---------------+----------------+-----
Dodging        | 2 3 |  3.5
Unarmed Combat | 4 |  4.8
Shapeshifting  | 4 |  4.5
Fighting       | |  1.1
Throwing       | |  0.6

Action                     |  1- 3 |  4- 6 || total
---------------------------+-------+-------++-------
  Melee: Unarmed           |    77 |   116 ||   193
         Tailslap          |    12 |    25 ||    37
         Dagger            |       |    25 ||    25
         Punch             |       |     2 ||     2
  Throw: Javelin           |       |     4 ||     4
         Dart              |       |     2 ||     2
  Evoke: Wand              |       |     5 ||     5
    Use: Scroll            |       |     5 ||     5
   Stab: Sleeping          |     1 |     1 ||     2
 Armour: Skin              |    38 |    70 ||   108
  Dodge: Dodged            |    46 |    92 ||   138

Table legend: (Time is in decaauts)
 A = Elapsed time spent in this place.
 B = Non-inter-level travel time spent in this place.
 C = Inter-level travel time spent in this place.
 D = Time resting spent in this place.
 E = Time spent auto-exploring this place.
 F = Levels seen in this place.
 G = Mean time per level.
                   A        B        C        D        E       F      G
               +--------+--------+--------+--------+--------+-----+--------+
         Total |   2785 |   2687 |     98 |    169 |   1941 |   4 |  696.2 |
       Dungeon |   2785 |   2687 |     98 |    169 |   1941 |   4 |  696.2 |
               +--------+--------+--------+--------+--------+-----+--------+

Top non-repeatable levels by time:
     D:2: 823 daAuts
     D:1: 800 daAuts
     D:3: 653 daAuts
     D:4: 508 daAuts
